 Dungeon Crawl Stone Soup version 0.29.1-15-g9cfb28693d (webtiles) character file.

Game seed: 16031467714032515530

60 bnorton916 the Magician (level 3, -3/19 HPs)
             Began as a Deep Elf Fire Elementalist on Feb 27, 2023.
             Killed by divine providence
             ... invoked by an orc priest
              (10 damage)
             ... on level 3 of the Dungeon.
             The game lasted 00:01:34 (2137 turns).

bnorton916 the Magician (DEFE)                      Turns: 2137, Time: 00:01:35

Health: -3/19      AC:  4    Str:  5    XL:     3   Next: 80%
Magic:  5/10       EV: 12    Int: 21    God:
Gold:   128        SH:  0    Dex: 15    Spells: 4/10 levels left

rFire   . . .      SeeInvis .   (no weapon)
rCold   . . .      Faith    .   (no shield)
rNeg    . . .      Spirit   .   a - +0 robe
rPois   .          Reflect  .   (no helmet)
rElec   .          Harm     .   (no cloak)
rCorr   .          Rampage  .   o - +0 pair of gloves
Will    .....                   m - +0 pair of boots
Stlth   ++........              (no amulet)
HPRegen 0.06/turn               (no ring)
MPRegen 0.12/turn               (no ring)

@: no status effects
A: no striking features
a: no special abilities


You were on level 3 of the Dungeon.
You visited 1 branch of the dungeon, and saw 3 of its levels.

You collected 128 gold pieces.

Inventory:

Hand Weapons
 r - a +0 dagger of speed
Armour
 a - a +0 robe (worn)
 m - a +0 pair of boots (worn)
 o - a +0 pair of gloves (worn)
Scrolls
 e - a scroll of acquirement {unknown}
 i - a scroll of enchant armour {unknown}
 j - 2 scrolls of amnesia {unknown}
 l - 2 scrolls of identify {unknown}
 n - a scroll of fear {unknown}
 q - a scroll of brand weapon {unknown}
Potions
 b - a potion of magic
 c - 2 potions of berserk rage {unknown}
 d - 2 potions of curing {unknown}
 f - a potion of heal wounds {unknown}
 g - 2 potions of brilliance {unknown}
 h - a potion of ambrosia {unknown}
 k - a potion of haste {unknown}
 p - a potion of resistance {unknown}


   Skills:
 - Level 2.4 Dodging
 - Level 2.4 Stealth
 + Level 4.1 Spellcasting
 + Level 2.4 Conjurations
 + Level 4.1 Fire Magic


You had 4 spell levels left.
You knew the following spells:

 Your Spells              Type           Power      Damage    Failure   Level
a - Foxfire               Conj/Fire      72%        2x1d7     3%          1
b - Scorch                Fire           42%        2d7       3%          2
c - Conjure Flame         Conj/Fire      18%        6-21      10%         3

Your spell library contained the following spells:

 Spells                   Type           Power      Damage    Failure   Level
 Inner Flame              Hex/Fire       12%        N/A       16%         3
 Poisonous Vapours        Pois/Air       8%         N/A       19%         2
 Flame Wave               Conj/Fire      18%        2d7       30%         4
 Gell's Gravitas          Tloc           4%         N/A       34%         3
 Lesser Beckoning         Tloc           4%         N/A       34%         3
 Teleport Other           Tloc           4%         N/A       34%         3
 Corpse Rot               Necr/Pois/Air  4%         N/A       75%         4


Dungeon Overview and Level Annotations

Branches:
Dungeon (3/15)

Altars:


Message History

Your foxfire dissipates!
The foxfire hits the orc.
The orc is severely wounded.
An orc is nearby!
Casting: Foxfire (safe; 3% risk of failure)
Confirm with . or Enter, or press ? or * to list all spells.
You conjure some foxfire!
The foxfire hits the orc.
The orc is almost dead.
An orc comes into view. It is wielding a +0 falchion.
The foxfire hits the orc.
You kill the orc!
An orc priest comes into view. It is wielding a +0 flail.
Casting: Foxfire (safe; 3% risk of failure)
Confirm with . or Enter, or press ? or * to list all spells.
You conjure some foxfire!
The orc priest shouts!
Your foxfire dissipates!
The foxfire hits the orc.
The orc is moderately wounded.
Casting: Foxfire (safe; 3% risk of failure)
Confirm with . or Enter, or press ? or * to list all spells.
You conjure some foxfire!
The foxfire hits the orc.
The orc is severely wounded.
An orc comes into view. It is wielding a +0 flail.
The orc priest calls upon Beogh to heal the orc.
The orc's wounds heal themselves!
The foxfire hits the orc.
The orc is heavily wounded.
The foxfire hits the orc.
The orc is almost dead.
An orc comes into view. It is wielding a +0 whip.
The orc priest calls down the wrath of Beogh upon you.
Pain shoots through your body!
Ouch! That really hurt!
The orc attacks as you move away! The orc hits you with a +0 falchion.
The orc attacks as you move away! The orc closely misses you.
The orc priest mumbles some strange prayers to Beogh against you.
Beogh smites you!
Ouch! That really hurt!
You die...

+...# #...# #...# #...#
.##########...#
..........<...#
........##########
........'........# .
........##..@o...#####...
.##..............o.......
..................o.....
...##............#o..)...
.## #.......####.#####...
##......# #.# ..
........# #.. ........#
#### .........


You could see an orc priest and 3 orcs.

Vanquished Creatures
  An adder (D:2)
  An orc (D:3)
  5 bats
  2 endoplasms (D:1)
  5 goblins
  6 hobgoblins
  7 jackals
  2 quokkas (D:1)
  5 ball pythons (D:2)
  2 frilled lizards (D:1)
  2 kobolds
  4 rats
42 creatures vanquished.

Vanquished Creatures (others)
  196 foxfires
196 creatures vanquished.

Grand Total: 238 creatures vanquished

Notes
Turn   | Place    | Note
-------+----------+-------------------------------------------
     0 | D:1      | bnorton916 the Deep Elf Fire Elementalist began the quest
                  | for the Orb.
     0 | D:1      | Reached XP level 1. HP: 10/10 MP: 6/6
   282 | D:1      | Reached XP level 2. HP: 15/15 MP: 1/8
   900 | D:1      | Found a faded altar of an unknown god.
  1152 | D:2      | Reached XP level 3. HP: 19/19 MP: 2/10
  1490 | D:2      | Learned a level 2 spell: Scorch
  1494 | D:2      | Learned a level 3 spell: Conjure Flame
  2137 | D:3      | Killed from afar by an orc priest

Illustrated notes

Levels and vault maps discovered:
D:1:      reono_arrival_forest_river, layout_rooms,
          hellmonk_ecumenical_altar_zigzags, minmay_misc_feat_columns
D:2:      layout_rooms, minmay_pentomino_u4
D:3:      layout_basic

Skill      XL: |  1  2  3 |
---------------+----------+-----
Conjurations   | 2 |  2.4
Fire Magic     | 4 |  4.1
Spellcasting   | 4 |  4.1
Dodging        | |  2.4
Stealth        | |  2.4

Action                   || total
-------------------------++-------
 Cast: Foxfire           ||   117
       Scorch            ||     4
Dodge: Dodged            ||    10
